TOP OF THE 1ST |
Iowa Hawkeyes batting - Pitching for West Virginia Mountaineers : RHP Paul McGowan
|
Pitching: RHP Paul McGowan
|
|
Batting: RHB Chris Boner
|
0-0: Ball 1-0: Fly out, F9 (Flyball, 89M)
|
Batting: RHB Carter Wilson
|
0-0: Ball 1-0: Foul Ball, location: 2F 1-1: Reached on error, E5 (Groundball, 56)
|
Batting: RHB Larry Davis
|
0-0: Called Strike 0-1: Ball 1-1: Ball 2-1: Foul Ball, location: 2F 2-2: Strikes out swinging
|
Batting: LHB Al Cramer
|
0-0: Ball 1-0: Called Strike 1-1: Foul Ball, location: 2F 1-2: Ball 2-2: Strikes out looking
|
Top of the 1st over - 0 run(s), 0 hit(s), 1 error(s), 1 left on base; Iowa 0 - West Virginia 0 |
BOTTOM OF THE 1ST |
West Virginia Mountaineers batting - Pitching for Iowa Hawkeyes : RHP Román Peña
|
Pitching: RHP Román Peña
|
|
Batting: RHB Víctor León
|
0-0: Foul Ball, location: 2F 0-1: Swinging Strike 0-2: Strikes out swinging
|
Batting: SHB George Howell
|
Error on foul ball, E7 0-1: Ball 1-1: Swinging Strike 1-2: Ball 2-2: Ground out 4-3 (Groundball, 4)
|
Batting: RHB Bobby Ivey
|
0-0: Ground out 4-3 (Groundball, 4)
|
Bottom of the 1st over - 0 run(s), 0 hit(s), 1 error(s), 0 left on base; Iowa 0 - West Virginia 0 |
TOP OF THE 2ND |
Iowa Hawkeyes batting - Pitching for West Virginia Mountaineers : RHP Paul McGowan
|
Batting: RHB Jim Jones
|
0-0: Ball 1-0: Ball 2-0: Foul Ball, location: 2F 2-1: Fly out, F3 (Popup, 3L)
|
Batting: RHB Stephen Spence
|
0-0: SINGLE (Groundball, 4MD)
|
Batting: LHB Marcus Spencer
|
0-0: Grounds into double play, 4-6-3 (Groundball, 4M)
|
Top of the 2nd over - 0 run(s), 1 hit(s), 0 error(s), 0 left on base; Iowa 0 - West Virginia 0 |
BOTTOM OF THE 2ND |
West Virginia Mountaineers batting - Pitching for Iowa Hawkeyes : RHP Román Peña
|
Batting: RHB Tom Fisher
|
0-0: Ball 1-0: Called Strike 1-1: Ball 2-1: Foul Ball, location: 2F 2-2: DOUBLE (Flyball, 89M)
|
Batting: RHB Lee Scott
|
0-0: Ball 1-0: Swinging Strike 1-1: Ball 2-1: Foul Ball, location: 2F 2-2: Strikes out swinging
|
Batting: RHB Dennis Kelly
|
0-0: SINGLE (Groundball, 56) (infield hit) Tom Fisher to third
|
Batting: RHB David Randall
|
0-0: Called Strike 0-1: Foul Ball, location: 2F 0-2: Ball 1-2: Grounds into double play, 5-4-3 (Groundball, 56)
|
Bottom of the 2nd over - 0 run(s), 2 hit(s), 0 error(s), 1 left on base; Iowa 0 - West Virginia 0 |
TOP OF THE 3RD |
Iowa Hawkeyes batting - Pitching for West Virginia Mountaineers : RHP Paul McGowan
|
Batting: RHB Jim Sharry
|
0-0: Called Strike 0-1: Ball 1-1: Foul Ball, location: 2F 1-2: Strikes out swinging
|
Batting: LHB Jim Hutchinson
|
0-0: Called Strike 0-1: Called Strike 0-2: Ball 1-2: Ball 2-2: Strikes out swinging
|
Batting: RHB Chris Boner
|
0-0: Ball 1-0: Called Strike 1-1: Ball 2-1: Ball 3-1: Called Strike 3-2: Strikes out swinging
|
Top of the 3rd over - 0 run(s), 0 hit(s), 0 error(s), 0 left on base; Iowa 0 - West Virginia 0 |
BOTTOM OF THE 3RD |
West Virginia Mountaineers batting - Pitching for Iowa Hawkeyes : RHP Román Peña
|
Batting: LHB Jeremy Howard
|
0-0: Foul Ball, location: 2F 0-1: Ball 1-1: Called Strike 1-2: Foul Ball, location: 2F 1-2: Ball 2-2: Foul Ball, location: 2F 2-2: Foul Ball, location: 2F 2-2: Strikes out looking
|
Batting: LHB Juan Franco
|
0-0: Ball 1-0: Called Strike 1-1: Ball 2-1: Foul Ball, location: 2F 2-2: Ball 3-2: Strikes out looking
|
Batting: RHB Víctor León
|
0-0: Ball 1-0: SINGLE (Groundball, 56) (infield hit)
|
Batting: SHB George Howell
|
0-0: Foul Ball, location: 2F 0-1: Ball 1-1: Called Strike 1-2: 2-RUN HOME RUN (Flyball, 9LD), Distance : 337 ft
|
Batting: RHB Bobby Ivey
|
0-0: Ball 1-0: Ball 2-0: Called Strike 2-1: Ball 3-1: Foul Ball, location: 2F 3-2: Base on Balls
|
Batting: RHB Tom Fisher
|
0-0: Ball 1-0: Called Strike 1-1: Called Strike 1-2: Foul Ball, location: 2F 1-2: Strikes out swinging
|
Bottom of the 3rd over - 2 run(s), 2 hit(s), 0 error(s), 1 left on base; Iowa 0 - West Virginia 2 |
TOP OF THE 4TH |
Iowa Hawkeyes batting - Pitching for West Virginia Mountaineers : RHP Paul McGowan
|
Batting: RHB Carter Wilson
|
0-0: SINGLE (Line Drive, 78S)
|
Batting: RHB Larry Davis
|
0-0: Called Strike 0-1: Ball 1-1: Ball 2-1: Reached on error, E6 (Groundball, 6) Carter Wilson to second
|
Batting: LHB Al Cramer
|
0-0: Ball 1-0: Ball 2-0: Foul Ball, location: 2F 2-1: Foul Ball, location: 2F 2-2: SINGLE (Groundball, 4M) (infield hit) Carter Wilson to third Larry Davis to second
|
Batting: RHB Jim Jones
|
0-0: Fly out, F9 (Flyball, 9) Runner from 3rd tags up, SCORES, throw made
|
Batting: RHB Stephen Spence
|
0-0: Fly out, F7 (Flyball, 7LS)
|
Batting: LHB Marcus Spencer
|
0-0: Called Strike 0-1: Foul Ball, location: 2F 0-2: Strikes out looking
|
Top of the 4th over - 1 run(s), 2 hit(s), 1 error(s), 2 left on base; Iowa 1 - West Virginia 2 |
BOTTOM OF THE 4TH |
West Virginia Mountaineers batting - Pitching for Iowa Hawkeyes : RHP Román Peña
|
Batting: RHB Lee Scott
|
0-0: Called Strike 0-1: Foul Ball, location: 2F 0-2: Ball 1-2: Strikes out swinging
|
Batting: RHB Dennis Kelly
|
0-0: Ball 1-0: Foul Ball, location: 2F 1-1: Fly out, F9 (Flyball, 9LMF)
|
Batting: RHB David Randall
|
0-0: Ball 1-0: Ball 2-0: Swinging Strike 2-1: Foul Ball, location: 2F 2-2: Ball 3-2: SINGLE (Groundball, 4MD)
|
Batting: LHB Jeremy Howard
|
0-0: Ball 1-0: SINGLE (Flyball, 7S) David Randall to second
|
Batting: LHB Juan Franco
|
0-0: Called Strike 0-1: Ground out 6-3 (Groundball, 6MS)
|
Bottom of the 4th over - 0 run(s), 2 hit(s), 0 error(s), 2 left on base; Iowa 1 - West Virginia 2 |
TOP OF THE 5TH |
Iowa Hawkeyes batting - Pitching for West Virginia Mountaineers : RHP Paul McGowan
|
Batting: RHB Jim Sharry
|
0-0: Fly out, F8 (Flyball, 8RS)
|
Batting: LHB Jim Hutchinson
|
0-0: Called Strike 0-1: Ball 1-1: Foul Ball, location: 2F 1-2: Strikes out looking
|
Batting: RHB Chris Boner
|
0-0: SINGLE (Line Drive, 6MD)
|
Batting: RHB Carter Wilson
|
0-0: Called Strike 0-1: Ball 1-1: Ball 2-1: Swinging Strike 2-2: Strikes out looking
|
Top of the 5th over - 0 run(s), 1 hit(s), 0 error(s), 1 left on base; Iowa 1 - West Virginia 2 |
BOTTOM OF THE 5TH |
West Virginia Mountaineers batting - Pitching for Iowa Hawkeyes : RHP Román Peña
|
Batting: RHB Víctor León
|
0-0: Called Strike 0-1: Ball 1-1: SINGLE (Groundball, 56D)
|
Batting: SHB George Howell
|
0-0: Ball 1-0: Swinging Strike 1-1: Called Strike Víctor León is caught stealing 2nd base 1-2: SOLO HOME RUN (Flyball, 78XD), Distance : 384 ft
|
Batting: RHB Bobby Ivey
|
0-0: Called Strike 0-1: Foul Ball, location: 2F 0-2: Strikes out looking
|
Batting: RHB Tom Fisher
|
0-0: Ball 1-0: Called Strike 1-1: Swinging Strike 1-2: Strikes out swinging
|
Bottom of the 5th over - 1 run(s), 2 hit(s), 0 error(s), 0 left on base; Iowa 1 - West Virginia 3 |
TOP OF THE 6TH |
Iowa Hawkeyes batting - Pitching for West Virginia Mountaineers : RHP Paul McGowan
|
Batting: RHB Larry Davis
|
0-0: Ball 1-0: Fly out, F7 (Flyball, 7LS)
|
Batting: LHB Al Cramer
|
0-0: Called Strike 0-1: Swinging Strike 0-2: SINGLE (Line Drive, 8LS)
|
Batting: RHB Jim Jones
|
0-0: Ball Al Cramer is caught stealing 2nd base 1-0: Called Strike 1-1: Called Strike 1-2: Ball 2-2: Foul Ball, location: 2F 2-2: Strikes out swinging
|
Top of the 6th over - 0 run(s), 1 hit(s), 0 error(s), 0 left on base; Iowa 1 - West Virginia 3 |
BOTTOM OF THE 6TH |
West Virginia Mountaineers batting - Pitching for Iowa Hawkeyes : RHP Román Peña
|
Pitching: LHP Max Bridges
|
|
Batting: RHB Lee Scott
|
0-0: Called Strike 0-1: Ball 1-1: Ball 2-1: Foul Ball, location: 2F 2-2: Strikes out swinging
|
Batting: RHB Dennis Kelly
|
0-0: Foul Ball, location: 2F 0-1: Fly out, F8 (Flyball, 8LD)
|
Batting: RHB David Randall
|
0-0: Ball 1-0: Ball 2-0: Ground out 4-3 (Groundball, 4)
|
Bottom of the 6th over - 0 run(s), 0 hit(s), 0 error(s), 0 left on base; Iowa 1 - West Virginia 3 |
TOP OF THE 7TH |
Iowa Hawkeyes batting - Pitching for West Virginia Mountaineers : RHP Paul McGowan
|
Batting: RHB Stephen Spence
|
0-0: Called Strike 0-1: Ball 1-1: Called Strike 1-2: Foul Ball, location: 2F 1-2: Strikes out swinging
|
Batting: LHB Marcus Spencer
|
0-0: Ball 1-0: Ball 2-0: Foul Ball, location: 2F 2-1: Foul Ball, location: 2F 2-2: Ball 3-2: Strikes out looking
|
Batting: RHB Jim Sharry
|
0-0: Ball 1-0: Foul Ball, location: 2F 1-1: Ground out 5-3 (Groundball, 56)
|
Top of the 7th over - 0 run(s), 0 hit(s), 0 error(s), 0 left on base; Iowa 1 - West Virginia 3 |
BOTTOM OF THE 7TH |
West Virginia Mountaineers batting - Pitching for Iowa Hawkeyes : LHP Max Bridges
|
Batting: LHB Jeremy Howard
|
0-0: Called Strike 0-1: Called Strike 0-2: Strikes out swinging
|
Batting: LHB Juan Franco
|
0-0: Ball 1-0: Ball 2-0: Foul Ball, location: 2F 2-1: Foul Ball, location: 2F 2-2: Foul Ball, location: 2F 2-2: Strikes out looking
|
Batting: RHB Víctor León
|
0-0: Ball 1-0: Ball 2-0: Foul Ball, location: 2F 2-1: Swinging Strike 2-2: Ball 3-2: Base on Balls
|
Batting: SHB George Howell
|
0-0: Ball 1-0: Ball 2-0: Ball 3-0: Called Strike 3-1: Base on Balls Víctor León to second
|
Batting: RHB Bobby Ivey
|
0-0: Ball 1-0: Ball 2-0: SINGLE (Line Drive, 4D) Víctor León to third George Howell to second
|
Batting: RHB Tom Fisher
|
0-0: Ball 1-0: Called Strike 1-1: Ball 2-1: Swinging Strike 2-2: Ball 3-2: Foul Ball, location: 2F 3-2: Strikes out swinging
|
Bottom of the 7th over - 0 run(s), 1 hit(s), 0 error(s), 3 left on base; Iowa 1 - West Virginia 3 |
TOP OF THE 8TH |
Iowa Hawkeyes batting - Pitching for West Virginia Mountaineers : RHP Paul McGowan
|
Pitching: RHP Bob Ervin
|
|
Batting: LHB Jim Hutchinson
|
0-0: Swinging Strike 0-1: Ground out 5-3 (Groundball, 56)
|
Batting: RHB Chris Boner
|
0-0: Swinging Strike 0-1: Foul Ball, location: 2F 0-2: Ball 1-2: Foul Ball, location: 2F 1-2: Strikes out swinging
|
Batting: RHB Carter Wilson
|
0-0: Ball 1-0: Called Strike 1-1: Ground out 6-3 (Groundball, 56)
|
Top of the 8th over - 0 run(s), 0 hit(s), 0 error(s), 0 left on base; Iowa 1 - West Virginia 3 |
BOTTOM OF THE 8TH |
West Virginia Mountaineers batting - Pitching for Iowa Hawkeyes : LHP Max Bridges
|
Batting: RHB Lee Scott
|
0-0: Ball 1-0: Swinging Strike 1-1: Swinging Strike 1-2: Strikes out swinging
|
Pitching: RHP Alejandro Ortíz
|
|
Batting: RHB Dennis Kelly
|
0-0: Ball 1-0: Called Strike 1-1: Ball 2-1: Fly out, F9 (Flyball, 9S)
|
Batting: RHB David Randall
|
0-0: Ball 1-0: Called Strike 1-1: Ball 2-1: Called Strike 2-2: Foul Ball, location: 2F 2-2: Strikes out swinging, 2-3 out at first.
|
Bottom of the 8th over - 0 run(s), 0 hit(s), 0 error(s), 0 left on base; Iowa 1 - West Virginia 3 |
TOP OF THE 9TH |
Iowa Hawkeyes batting - Pitching for West Virginia Mountaineers : RHP Bob Ervin
|
Pitching: RHP Jorge González
|
|
Batting: RHB Larry Davis
|
0-0: Ball 1-0: SINGLE (Groundball, 5L) (infield hit)
|
Batting: LHB Al Cramer
|
0-0: Ball 1-0: Called Strike 1-1: Foul Ball, location: 2F 1-2: Ball 2-2: Strikes out looking
|
Batting: RHB Jim Jones
|
0-0: Fly out, F5 (Popup, 56D)
|
Batting: RHB Stephen Spence
|
0-0: Ball 1-0: Fly out, F5 (Popup, 56)
|
Top of the 9th over - 0 run(s), 1 hit(s), 0 error(s), 1 left on base; Iowa 1 - West Virginia 3 |
|